 Dungeon Crawl Stone Soup version 0.14-a0-2564-g94087c3 (webtiles) character file.

229 Kae the Ruinous (level 5, -6/38 HPs)
             Began as a Draconian Conjurer on Feb 11, 2014.
             Mangled by Econoterrorist's ghost (7 damage)
             ... in a sewer.
             The game lasted 00:04:32 (2677 turns).

Kae the Ruinous (Draconian Conjurer)                Turns: 2677, Time: 00:04:32

HP  -6/38        AC  5     Str 10      XL: 5   Next: 33%
MP   4/11        EV 12     Int 16      God:
Gold 49          SH  0     Dex 12      Spells:  1 memorised, 10 levels left

rFire  . . .     SeeInvis .     a - +0 dagger
rCold  . . .     Clarity  .     (armour unavailable)
rNeg   . . .     Conserve .     (no shield)
rPois  .         rCorr    .     (helmet restricted)
rElec  .         rRot     .     (no cloak)
SustAb . .       Spirit   .     (no gloves)
rMut   .         Warding  .     (no boots)
Saprov . . .     Stasis   .     (no amulet)
MR     .....                    (no ring)
                                (no ring)

@: not resistant to hostile enchantments, unstealthy
A: unfitting armour, AC +5
a: no special abilities


You were in a sewer.
You were not hungry.

You visited 1 branch of the dungeon, and saw 4 of its levels.
You also visited: Sewer.

You collected 124 gold pieces.
You spent 75 gold pieces at shops.

Inventory:

Hand weapons
 a - a +0,+0 dagger (weapon)
Comestibles
 b - 2 bread rations
 d - 2 chokos
 g - 3 meat rations
 t - a pear
Scrolls
 f - a scroll of curse jewellery {unknown}
 h - 4 scrolls of remove curse {unknown}
 i - 2 scrolls of curse armour {unknown}
 m - a scroll of fog {unknown}
 n - 3 scrolls of amnesia {unknown}
 q - a scroll of enchant weapon II {unknown}
 r - a scroll of magic mapping {unknown}
 s - 2 scrolls of curse weapon {unknown}
 u - a scroll of enchant armour {unknown}
 v - a scroll of teleportation {unknown}
 w - 2 scrolls of identify
 y - a scroll of blinking
Jewellery
 j - an uncursed ring of wizardry {unknown}
Potions
 e - a potion of magic {unknown}
 k - 2 potions of heal wounds {unknown}
 l - 4 potions of curing
 o - a potion of invisibility {unknown}
 p - a potion of restore abilities {unknown}
 x - 2 potions of degeneration {unknown}
Books
 c - a book of Conjurations

   Spells                             Type                      Level
   *Magic Dart                        Conjuration                  1
   Searing Ray                        Conjuration                  2
   Dazzling Spray                     Conjuration/Hexes            3
   Iskenderun's Mystic Blast          Conjuration                  4
   Iskenderun's Battlesphere          Conjuration/Charms           4
   Fulminant Prism                    Conjuration/Hexes            5


   Skills:
 - Level 1.7 Dodging
 - Level 1.7 Stealth
 + Level 3.7 Spellcasting
 * Level 5.6 Conjurations


You had 10 spell levels left.
You knew the following spells:

 Your Spells              Type           Power        Failure   Level  Hunger
a - Magic Dart            Conj           ###.         1%          1    None


Dungeon Overview and Level Annotations

Branches:
Dungeon (4/16)
 Temple: D:4-7

Altars:
Elyvilon

Shops:
D:4 ?

Annotations:
D:3 Purgy Sewer Econoterrorist's ghost, experienced DsAK


Message History

Casting: Magic Dart
Confirm with . or Enter, or press ? or * to list all spells.
Aiming: Magic Dart
Press: ? - help, Shift-Dir - straight line, f/p - Econoterrorist's ghost
Aim: Econoterrorist's ghost (moderately damaged)
The magic dart hits Econoterrorist's ghost.
Econoterrorist's ghost is moderately damaged.
Econoterrorist's ghost hits you!
* * * LOW HITPOINT WARNING * * *
The ball python completely misses you. The ball python constricts you.
Your attempt to break free from the ball python fails, but you feel that another attempt might succeed.
Econoterrorist's ghost hits you!
* * * LOW HITPOINT WARNING * * *
The ball python closely misses you.
* * * LOW HITPOINT WARNING * * *
The ball python constricts you.
Unknown command.
Unknown command.
You escape the ball python's grasp.
Econoterrorist's ghost hits you!
You die...

#####
#.∩.#
#@≈≈#
#%pS≈.#
#≈..≈##
#≈..≈#
#≈.≈.#
#≈.≈≈.
.≈.....
≈≈≈....
≈..


You could see Econoterrorist's ghost and a ball python.

Vanquished Creatures
  A giant frog (D:4)
  An adder (D:2)
  2 giant mites
  2 worms
  A grey rat (D:4)
  3 giant geckos
  An ooze (D:2)
  5 orcs (D:3)
  2 ball pythons
  5 bats
  3 giant cockroaches
  8 hobgoblins
  2 jackals (D:2)
  A giant newt (D:3)
  A giant spore (D:3)
  13 goblins
  11 kobolds
  12 rats
  A ballistomycete (D:3)
75 creatures vanquished.

Notes
Turn   | Place    | Note
--------------------------------------------------------------
     0 | D:1      | Kae, the Draconian Conjurer, began the quest for the Orb.
     0 | D:1      | Reached XP level 1. HP: 14/14 MP: 3/3
   250 | D:1      | Reached XP level 2. HP: 12/20 MP: 3/5
  1087 | D:2      | Reached XP level 3. HP: 20/26 MP: 0/6
  1495 | D:2      | Found a white marble altar of Elyvilon.
  1621 | D:2      | Reached XP level 4. HP: 33/33 MP: 5/9
  1903 | D:3      | Reached skill level 5 in Conjurations
  2294 | D:3      | Noticed Purgy
  2467 | D:4      | Found Shryff's Magic Scroll Shoppe.
  2468 | D:4      | Noticed a giant frog
  2474 | D:4      | Killed a giant frog
  2474 | D:4      | Reached XP level 5. HP: 31/38 MP: 3/11
  2481 | D:4      | Bought a scroll of identify for 20 gold pieces
  2481 | D:4      | Bought a scroll of blinking for 55 gold pieces
  2571 | D:4      | Found a glowing drain.
  2666 | Sewer    | Entered a sewer
  2666 | Sewer    | Noticed Econoterrorist's ghost (experienced DsAK)
  2676 | Sewer    | HP: 1/38 [ball python (1)]
  2677 | Sewer    | Mangled by Econoterrorist's ghost

Action                   |  1- 3 |  4- 6 || total
-------------------------+-------+-------++-------
Melee: Dagger            |    60 |    82 ||   142
 Cast: Magic Dart        |    72 |    68 ||   140
  Use: Potion            |     3 |       ||     3
 Stab: Sleeping          |     1 |       ||     1
